 Dungeon Crawl Stone Soup version 0.31-a0-841-g038b102fc3 (webtiles) character file.

Game seed: 15928643360280123697

2 Bravepunisher the Ducker (level 1, 0/11 HPs)
             Began as a Spriggan Monk on Sept 27, 2023.
             Blown up by Ijyb (2 damage)
             ... with a mindburst bolt
             ... on level 4 of the Dungeon.
             The game lasted 00:01:01 (245 turns).

Bravepunisher the Ducker (Spriggan Monk)             Turns: 245, Time: 00:01:02

Health: 0/11       AC:  2    Str:  7    XL:     1   Next: 33%
Magic:  2/2        EV: 18    Int: 11    God:
Gold:   0          SH:  0    Dex: 17    Spells: 0/0 levels left

rFire   . . .        a - +0 short sword
rCold   . . .        (no shield)
rNeg    . . .        b - +0 robe
rPois   .            (helmet restricted)
rElec   .            (no cloak)
rCorr   .            (gloves unavailable)
SInv    +            (boots unavailable)
Will    .....        (no amulet)
Stlth   ++           (no ring)
HPRegen 0.21/turn    (no ring)
MPRegen 0.08/turn

%: no passive effects
@: very quick
A: very small, no large weapons, unfitting armour, see invisible, speed 3
a: no special abilities


You were on level 4 of the Dungeon.
You visited 1 branch of the dungeon, and saw 4 of its levels.

Inventory:

Hand Weapons
 a - a +0 short sword (weapon)
Armour
 b - a +0 robe (worn)
Potions
 c - a potion of ambrosia


   Skills:
 * Level 2.5 Fighting
 - Level 3.2 Short Blades
 + Level 4.1 Dodging


You couldn't memorise any spells.
You didn't know any spells.
Your spell library was empty.

Dungeon Overview and Level Annotations

Branches:
Dungeon (4/15)
 Temple: D:4-7

Altars:

Annotations:
D:3 2 runed translucent doors, Pargi; hattop's ghost, amateur HuSh
D:4 Ijyb


Innate Abilities, Weirdness & Mutations

You are very small and have problems with some larger weapons.
You are too small for most types of armour.
You have supernaturally acute eyesight. (SInv)
You cover ground extremely quickly. (Speed+++)


Message History

The endoplasm jiggles.
The endoplasm freezes you.
You are frozen.
You climb downwards.
There is a stone staircase leading up here.
A hobgoblin comes into view.
Found a scroll labelled SOEG RYVUESSE.
Found a coppery potion.
Hattop's ghost turns its malevolent gaze towards you.
An endoplasm comes into view.
A jackal comes into view.
Pargi the Meek comes into view.
Pargi shouts!
The jackal barks!
You hear a bark! x2
A jackal comes into view.
A jackal comes into view.
A jackal comes into view.
Pargi looks very sad for a moment.
The jackal barely misses you.
The jackal barks!
You hit the jackal but do no damage. The jackal misses you.
The jackal closely misses you. The jackal misses you. The jackal bites you.
The jackal misses you.
The jackal bites you but does no damage.
The jackal misses you. The jackal barely misses you.
The jackal attacks as it pursues you! The jackal barely misses you.
Found a stone staircase leading down.
The jackal bites you but does no damage.
There is a stone staircase leading down here.
You climb downwards.
There is a stone staircase leading up here.
Ijyb shouts!
You open the door.
Ijyb zaps a wand.
Your mind is blasted!
Ouch! That really hurt!
* * * LOW HITPOINT WARNING * * *
There is an open door here.
Ijyb zaps a wand.
Your mind is blasted!
You die...

#.........#
#.......#
#..<..#
##g..##
##'## #.#
#.# ##.##
#..@#
#.....#
##...##
##.## ...
##.# #.# #.


You could see Ijyb.

Vanquished Creatures
  A hobgoblin (D:2)
  A kobold (D:1)
2 creatures vanquished.

Notes
Turn   | Place    | Note
-------+----------+-------------------------------------------
     0 | D:1      | Bravepunisher the Spriggan Monk began the quest for the
                  | Orb.
     0 | D:1      | Reached XP level 1. HP: 11/11 MP: 2/2
   205 | D:3      | Found a large runed translucent door.
   205 | D:3      | Found a large runed translucent door.
   211 | D:3      | Noticed hattop's ghost (amateur HuSh)
   219 | D:3      | Noticed Pargi
   238 | D:4      | Noticed Ijyb
   245 | D:4      | Blown up by Ijyb

Illustrated notes

Levels and vault maps discovered:
D:1:      lightli_arrival_lavapool, layout_basic,
          dreamdust_ecumenical_altar_hidden_monk_grotto,
          minmay_misc_feat_diagonals, nicolae_the_louvre
D:2:      layout_rooms
D:3:      layout_loops_cross, ebering_ghost_disaster_area, uniq_pargi
D:4:      layout_loops_corners, uniq_ijyb

Action                     || total
---------------------------++-------
  Melee: Short sword       ||    18
   Stab: Sleeping          ||     1
 Armour: Robe              ||    11
  Dodge: Dodged            ||    25

Table legend: (Time is in decaauts)
 A = Elapsed time spent in this place.
 B = Non-inter-level travel time spent in this place.
 C = Inter-level travel time spent in this place.
 D = Time resting spent in this place.
 E = Time spent auto-exploring this place.
 F = Levels seen in this place.
 G = Mean time per level.
                   A        B        C        D        E       F      G
               +--------+--------+--------+--------+--------+-----+--------+
         Total |    165 |    165 |      0 |      0 |     41 |   4 |   41.2 |
       Dungeon |    165 |    165 |      0 |      0 |     41 |   4 |   41.2 |
               +--------+--------+--------+--------+--------+-----+--------+

Top non-repeatable levels by time:
     D:1: 80 daAuts
     D:2: 40 daAuts
     D:3: 39 daAuts
     D:4: 4 daAuts
